 Dungeon Sprint DCSS version 0.30.1-5-ged363bc7ee (webtiles) character file.

Game seed: 12589720792758197207

53704 Heoruswealwe the Impregnable (level 14, -31/159 HPs)
             Began as a Minotaur Fighter on Sept 19, 2023.
             Was the Champion of the Shining One.
             Killed from afar by a Hell Sentinel (45 damage)
             ... with an iron shot
             ... in the Dungeon (Sprint V: "Ziggurat Sprint").
             The game lasted 00:49:26 (2327 turns).

Heoruswealwe the Impregnable (Minotaur Fighter)     Turns: 2327, Time: 00:49:26

Health: -31/159    AC: 43    Str: 36    XL:     14   Next: 31%
Magic:  12/13      EV:  3    Int:  5    God:    the Shining One [******]
Gold:   0          SH: 35    Dex: 15    Spells: 13/13 levels left

rFire   + + .        a - +9 lance "Wyrmbane" {slay drac, rPois rF+ rC+ AC+3}
rCold   + + +        d - +18 shield of the Gong {Loud rN+ Will+ rCorr EV-5}
rNeg    + + +        c - +5 gold dragon scales
rPois   +            (helmet restricted)
rElec   +            h - +1 cloak {Stlth+}
rCorr   +            f - +0 pair of gloves {Dex+3}
SInv    .            e - +3 pair of mountain boots {steadfast, rC+}
Will    ++...        i - amulet "Irimoej" {Acrobat rElec Slay+2} Stlth
                     k - +6 ring of strength
HPRegen 0.46/turn    j - +6 ring of strength
MPRegen 0.13/turn

%: no teleportation, acrobat
@: glowing, studying 2 skills
A: horns 2, retaliatory headbutt
a: Renounce Religion, Divine Shield, Cleansing Flame, Summon Divine Warrior


You were in the Dungeon.
You worshipped the Shining One.
The Shining One was exalted by your worship.
You visited 1 branch

Inventory:

Hand Weapons
 a - the +9 lance "Wyrmbane" (weapon) {slay drac, rPois rF+ rC+ AC+3}
   (You found it in the Dungeon)

   AC:        It affects your AC (+3).
   rF:        It protects you from fire.
   rC:        It protects you from cold.
   rPois:     It protects you from poison.
 b - a +7 trishula of holy wrath
 m - the +10 zealot's sword {holy, Zealotry, *Rage rN+ EV+3}
   (You found it in the Dungeon)

   Zealotry:  Whenever the wielder enters a berserk rage, their allies are
   berserked alongside them.
   EV:        It affects your evasion (+3).
   rN:        It protects you from negative energy.
   *Rage:     It berserks you when you make melee attacks (+20% chance).
Armour
 c - +5 gold dragon scales (worn)
 d - the +18 shield of the Gong (worn) {Loud rN+ Will+ rCorr EV-5}
   (You found it in the Dungeon)

   Loud:      It is deafeningly noisy when blocking attacks.
   EV:        It affects your evasion (-5).
   rN:        It protects you from negative energy.
   rCorr:     It protects you from acid and corrosion.
   Will:      It increases your willpower.
 e - the +3 pair of mountain boots (worn) {steadfast, rC+}
   (You found it in the Dungeon)

   Steadfast: It prevents involuntary movement, except for blinking,
   teleportation, or banishment.
   rC:        It protects you from cold.
 f - a +0 pair of gloves of dexterity (worn)
 h - a +1 cloak of stealth (worn)
 l - the +15 Maxwell's patent armour {-Cast -Tele rElec Will+ rCorr}
   (You found it in the Dungeon)

   rElec:     It insulates you from electricity.
   -Cast:     It prevents spellcasting.
   -Tele:     It prevents most forms of teleportation.
   rCorr:     It protects you from acid and corrosion.
   Will:      It increases your willpower.
Jewellery
 i - the amulet "Irimoej" (around neck) {Acrobat rElec Slay+2}
   (You found it in the Dungeon)

   [amulet of the acrobat]

   It increases your evasion while moving and waiting.
   Slay:      It affects your accuracy & damage with ranged weapons and melee
   (+2).
   rElec:     It insulates you from electricity.
 j - a +6 ring of strength (right hand)
 k - a +6 ring of strength (left hand)
Scrolls
 B - 3 scrolls of blinking
Potions
 g - a potion of haste
 n - 4 potions of resistance
 p - 3 potions of berserk rage
 q - 8 potions of curing
 E - 2 potions of might
Miscellaneous
 o - a box of beasts
 s - a piece from Xom's chessboard (15/15)


   Skills:
 + Level 24.0 Fighting
 + Level 23.9 Polearms
 + Level 24.0 Armour
 + Level 24.0 Shields


You had 13 spell levels left.
You didn't know any spells.
Your spell library contained the following spells:

 Spells                   Type           Power      Damage    Failure   Level
 Shock                    Conj/Air       0%         1d3       96%         1
 Slow                     Hex            0%         N/A       96%         1
 Sting                    Tmut/Pois      0%         1d3       96%         1
 Summon Small Mammal      Summ           0%         N/A       96%         1
 Cigotuvi's Dreadful Rot  Necr/Pois/Air  0%         N/A       99%         2
 Ensorcelled Hibernation  Hex/Ice        0%         N/A       99%         2
 Lesser Beckoning         Tloc           0%         N/A       99%         2
 Momentum Strike          Conj/Tloc      0%         3d8       99%         2
 Passwall                 Tmut/Erth      0%         N/A       99%         2
 Call Canine Familiar     Summ           0%         N/A       100%        3
 Frozen Ramparts          Ice            0%         1d1       100%        3
 Gell's Gravitas          Tloc           0%         N/A       100%        3
 Portal Projectile        Hex/Tloc       0%         N/A       100%        3
 Spider Form              Tmut/Pois      0%         N/A       100%        3
 Summon Guardian Golem    Hex/Summ       0%         N/A       100%        3
 Swiftness                Air            0%         N/A       100%        3
 Teleport Other           Tloc           0%         N/A       100%        3
 Tukima's Dance           Hex            0%         N/A       100%        3
 Vhi's Electric Charge    Tloc/Air       0%         N/A       100%        3
 Anguish                  Hex/Necr       0%         N/A       100%        4
 Dispel Undead            Necr           0%         3d6       100%        4
 Flame Wave               Conj/Fire      0%         2d4       100%        4
 Ice Form                 Ice/Tmut       0%         N/A       100%        4
 Manifold Assault         Tloc           0%         N/A       100%        4
 Summon Ice Beast         Ice/Summ       0%         N/A       100%        4
 Blade Hands              Tmut           0%         N/A       100%        5
 Fireball                 Conj/Fire      0%         3d3       100%        5
 Iskenderun's Battlesphe  Conj           0%         2d6       100%        5
 Conjure Ball Lightning   Conj/Air       0%         3x3d6     100%        6
 Death Channel            Necr           0%         N/A       100%        6
 Dispersal                Tloc           0%         N/A       100%        6
 Malign Gateway           Summ/Tloc      0%         N/A       100%        7
 Orb of Destruction       Conj           0%         9d5       100%        7
 Discord                  Hex            0%         N/A       100%        8
 Disjunction              Tloc           0%         N/A       100%        8
 Summon Horrible Things   Summ           0%         N/A       100%        8
 Fire Storm               Conj/Fire      0%         5d1       100%        9


Dungeon Overview and Level Annotations

Branches:
Dungeon (1/1)

Altars:
Ashenzari
Cheibriados
Dithmenos
Elyvilon
Fedhas
Gozag
Hepliaklqana
Kikubaaqudgha
Makhleb
Nemelex Xobeh
Okawaru
Qazlal
Ru
Sif Muna
Trog
Uskayaw
Vehumet
Wu Jian
Xom
Yredelemnul
Zin
The Shining One
Jiyva
Lugonu


Innate Abilities, Weirdness & Mutations

You have a pair of horns on your head.
You reflexively headbutt those who attack you in melee.


Message History

You hit the Hell Sentinel but do no damage.
The Hell Sentinel is severely wounded.
You block the ancient champion's attack.
BONNNG!
The war gargoyle barely misses you.
You hit the Hell Sentinel but do no damage.
You headbutt the Hell Sentinel!
The Hell Sentinel is almost dead.
The Hell Sentinel hits you but does no damage.
You block the Hell Sentinel's attack.
BOUMMMMG!
You block the war gargoyle's attack.
BONNNG!
The ancient champion gestures at you while chanting.
The iron shot hits you!
* * * LOW HITPOINT WARNING * * *
You hit the Hell Sentinel but do no damage.
The Hell Sentinel is almost dead.
You hit the Hell Sentinel.
The Hell Sentinel is almost dead.
You block the ancient champion's attack.
PTOANNNG!
You block the war gargoyle's attack.
PTOANNNG!
You block the Hell Sentinel's attack.
PANG!
You block the Hell Sentinel's attack.
SHROANNG!
You puncture the Hell Sentinel! You headbutt the Hell Sentinel.
The Hell Sentinel is almost dead.
The war gargoyle launches metal splinters at you.
The spray of metal splinters hits you!
* * * LOW HITPOINT WARNING * * *
The ancient champion hits you but does no damage.
You hit the Hell Sentinel but do no damage.
You headbutt the Hell Sentinel, but do no damage.
The Hell Sentinel is almost dead.
The Hell Sentinel gestures at you. The iron shot hits you!!!
You die...

......Dz...▓...........▓...
.............▓..▓.....▓.)▓...
▓.............▓.▓▓▓...▓▓▓)▓...
▓.............▓..▓.....▓.)▓...
..▓.......▓..▓.....©.....▓...
▓ ▓.▓.....▓.▓D▓▓▓▓▓▓▓▓▓▓▓▓▓.▓.
▓..▓.......▓Dz▓....8©8....▓...
▓..........919▓../))|.|...▓▓▓▓
▓......©...zz@▓...|"[|)...▓...
▓▓▓▓▓▓▓▓▓▓▓▓▓▓▓...........▓..)
▓...........▓...
▓...........▓...
▓...........▓...
▓..▓.....▓..▓...
▓.▓▓▓...▓▓▓.▓...
▓..▓.....▓)†▓.▓.
▓.....©...).▓...


You could see an iron golem, a Hell Sentinel, 2 iron dragons, 3 ancient
champions and a war gargoyle (catching breath).

Vanquished Creatures
  2 pandemonium lords (D)
  2 acid blobs (D)
  2 deep elf master archers (D)
  5 deep elf blademasters (D)
  4 ancient champions (D)
  2 nagarajas (D)
  3 rockslimes (D)
  An iron dragon (D)
  A quicksilver elemental (D)
  A demonspawn blood saint (D)
  4 war gargoyles (D)
  A demonspawn black sun (D)
  A deep elf annihilator (D)
  A green death (D)
  2 deep elf high priests (D)
  2 radroaches (D)
  2 anacondas (D)
  5 dancing weapons (D)
  2 naga warriors (D)
  2 deep elf knights (D)
  A wretched star (D)
  A sixfirhy (D)
  A pharaoh ant (D)
  An orb spider (D)
  A glowing orange brain (D)
  A steelbarb worm (D)
  2 deep elf archers (D)
  2 deep elf pyromancers (D)
  2 deep elf zephyrmancers (D)
  2 naga magi (D)
  A black mamba (D)
  5 guardian serpents (D)
  2 demonic crawlers (D)
  2 eyes of devastation (D)
  A smoke demon (D)
  An orange demon (D)
  A yaktaur (D)
  An ice devil (D)
  2 large abominations (D)
  A tarantella (D)
  A hornet (D)
  2 slime creatures (D)
  A slime creature (shapeshifter) (D)
  An air elemental (D)
  A jumping spider (D)
  A water elemental (D)
  A basilisk (shapeshifter) (D)
  A fire elemental (D)
  A chaos spawn (D)
  A redback (D)
  3 nagas (D)
  2 water moccasins (D)
  2 hell hounds (D)
  An ice beast (D)
  A wolf (D)
  2 centaurs (D)
  3 crimson imps (D)
  2 quasits (D)
  A jelly (D)
  An orc priest (D)
  4 orc wizards (D)
  8 adders (D)
  A river rat (D)
  3 white imps (D)
  An ufetubus (D)
  An orc (D)
  4 ball pythons (D)
  3 endoplasms (D)
  2 jackals (D)
  A jackal zombie (D)
  A quokka skeleton (D)
134 creatures vanquished.

Vanquished Creatures (others)
  A shadow imp (D)
  A white imp (D)
  2 ufetubi (D)
  A bat zombie (D)
5 creatures vanquished.

Grand Total: 139 creatures vanquished

Notes
Turn   | Place    | Note
-------+----------+-------------------------------------------
     0 | D        | Heoruswealwe the Minotaur Fighter began the quest for the
                  | Orb.
     0 | D        | Reached XP level 1. HP: 19/19 MP: 0/0
     3 | D        | Found a blossoming altar of Fedhas.
     3 | D        | Found the +6 Majin-Bo {spellvamp, MP+6 Int+6}
     3 | D        | Found the +27 heavy crossbow "Sniper" {heavy, Acc+∞ SInv}
     3 | D        | Found the +10 dark maul {heavy}
     3 | D        | Found the +15 Maxwell's patent armour {-Cast -Tele rElec
                  | Will+ rCorr}
     3 | D        | Found the +18 shield of the Gong {Loud rN+ Will+ rCorr
                  | EV-5}
     3 | D        | Found the +16 obsidian axe {drain, demonic, Mesm Drain Fly
                  | SInv}
     3 | D        | Found the +7 great mace "Firestarter" {flame, immolate,
                  | rFlCloud rF++}
     3 | D        | Found the +6 shillelagh "Devastator" {shatter}
     3 | D        | Found the +11 plutonium sword {Contam Stlth-}
     3 | D        | Found the +8 lance "Wyrmbane" {slay drac, rPois rF+ rC+
                  | AC+3}
     3 | D        | Found the +9 sword of Zonguldrok {reap}
     3 | D        | Found the +13 scythe of Curses {drain, curses, Drain}
     3 | D        | Found the +9 sword of Power {lifebolt}
     3 | D        | Found the +7 mace of Variability {chaos, chaos arc}
     3 | D        | Found the +11 Singing Sword {sonic wave}
     3 | D        | Found the +8 storm bow {elec, penet}
     4 | D        | Found a viscous altar of Jiyva.
     4 | D        | Found a hazy altar of Hepliaklqana.
     4 | D        | Found a transporter.
     4 | D        | Found an opulent altar of Gozag.
     4 | D        | Found an ancient bone altar of Kikubaaqudgha.
     4 | D        | Found a corrupted altar of Lugonu.
    21 | D        | Became a worshipper of the Shining One
    27 | D        | Found a shimmering blue altar of Sif Muna.
    27 | D        | Found a sacrificial altar of Ru.
    27 | D        | Found a bloodstained altar of Trog.
    27 | D        | Found a stormy altar of Qazlal.
    27 | D        | Found an iron altar of Okawaru.
    27 | D        | Found a sparkling altar of Nemelex Xobeh.
    29 | D        | Found a burning altar of Makhleb.
    79 | D        | Reached skill level 5 in Fighting
    79 | D        | Reached skill level 5 in Polearms
    79 | D        | Reached skill level 5 in Armour
    79 | D        | Reached skill level 5 in Shields
    79 | D        | Reached XP level 2. HP: 30/30 MP: 1/1
    98 | D        | Entered arena 2.
    98 | D        | Found a transporter.
   100 | D        | Reached XP level 3. HP: 37/37 MP: 2/2
   111 | D        | Entered arena 3.
   111 | D        | Noticed a centaur
   111 | D        | Noticed a yaktaur
   111 | D        | Reached * piety under the Shining One
   111 | D        | Noticed a centaur
   111 | D        | Found a transporter.
   119 | D        | Killed a centaur
   120 | D        | Reached XP level 4. HP: 42/47 MP: 3/3
   120 | D        | Killed a centaur
   121 | D        | Reached XP level 5. HP: 48/53 MP: 4/4
   124 | D        | Killed a yaktaur
   125 | D        | Reached XP level 6. HP: 60/66 MP: 5/5
   133 | D        | Entered arena 4.
   133 | D        | Found the +3 pair of mountain boots {steadfast, rC+}
   133 | D        | Found the +8 demon trident "Rift" {distort, reach+}
   133 | D        | Found a transporter.
   141 | D        | Reached skill level 10 in Fighting
   141 | D        | Reached skill level 10 in Armour
   141 | D        | Reached skill level 10 in Shields
   141 | D        | Reached XP level 7. HP: 69/72 MP: 6/6
   165 | D        | Entered arena 5.
   165 | D        | Reached ** piety under the Shining One
   165 | D        | Found a transporter.
   171 | D        | Reached skill level 10 in Polearms
   187 | D        | Entered arena 6.
   187 | D        | Noticed a snapping turtle
   187 | D        | Reached *** piety under the Shining One
   187 | D        | Noticed a +2 hand axe of electrocution
   187 | D        | Noticed a +4 glaive of pain
   187 | D        | Noticed a deep elf archer
   187 | D        | Noticed a fire elemental
   187 | D        | Found a transporter.
   192 | D        | Killed a deep elf archer
   193 | D        | Reached XP level 8. HP: 73/82 MP: 7/7
   194 | D        | a snapping turtle changed into a steelbarb worm
   194 | D        | Noticed a steelbarb worm (glowing shapeshifter)
   197 | D        | Killed a +2 hand axe of electrocution
   198 | D        | a steelbarb worm changed into a slime creature
   198 | D        | Noticed a slime creature (glowing shapeshifter)
   203 | D        | Killed a slime creature
   204 | D        | Reached XP level 9. HP: 34/92 MP: 8/8
   205 | D        | Killed a +4 glaive of pain
   387 | D        | Got the amulet "Irimoej" {Acrobat rElec Slay+2}
   404 | D        | Entered arena 7.
   404 | D        | Noticed a naga mage
   404 | D        | Reached **** piety under the Shining One
   404 | D        | Noticed a black mamba
   405 | D        | Found a transporter.
   407 | D        | Killed a black mamba
   421 | D        | Killed a naga mage
   432 | D        | Got the amulet "Sog Ymet" {Acrobat Regen+ SInv}
   437 | D        | Entered arena 8.
   437 | D        | Reached ***** piety under the Shining One
   437 | D        | Noticed a wretched star
   438 | D        | Found a transporter.
   448 | D        | Killed a wretched star
   450 | D        | Reached XP level 10. HP: 85/93 MP: 7/9
   507 | D        | Entered arena 9.
   507 | D        | Reached ****** piety under the Shining One
   508 | D        | Found a transporter.
   531 | D        | Identified a +7 trishula of holy wrath (a +5 demon trident
                  | blessed by the Shining One)
   531 | D        | Received a gift from the Shining One
   532 | D        | Entered arena 10.
   532 | D        | Noticed a deep elf zephyrmancer
   532 | D        | Noticed a +1 glaive of freezing
   532 | D        | Noticed a deep elf pyromancer
   532 | D        | Noticed a deep elf pyromancer
   532 | D        | Noticed a deep elf knight
   532 | D        | Paralysed by an air elemental for 1 turns
   533 | D        | Found a transporter.
   535 | D        | Paralysed by an air elemental for 1 turns
   544 | D        | Killed a deep elf zephyrmancer
   545 | D        | Reached skill level 15 in Fighting
   545 | D        | Reached skill level 15 in Armour
   545 | D        | Reached skill level 15 in Shields
   547 | D        | Killed a deep elf pyromancer
   548 | D        | Reached skill level 15 in Polearms
   555 | D        | Killed a deep elf pyromancer
   561 | D        | Killed a deep elf knight
   571 | D        | Killed a +1 glaive of freezing
   784 | D        | Entered arena 11.
   784 | D        | Noticed a smoke demon
   785 | D        | Found a transporter.
   799 | D        | Killed a smoke demon
   823 | D        | Entered arena 12.
   823 | D        | Noticed a pharaoh ant
   823 | D        | Noticed a demonic crawler
   823 | D        | Noticed a radroach
   823 | D        | Noticed a radroach
   824 | D        | Noticed a steelbarb worm
   825 | D        | Reached XP level 11. HP: 114/114 MP: 10/10
   825 | D        | Noticed an orb spider
   828 | D        | Killed a pharaoh ant
   851 | D        | Killed a radroach
   867 | D        | Killed a steelbarb worm
   874 | D        | Killed a radroach
   880 | D        | Found a transporter.
   883 | D        | Killed an orb spider
   996 | D        | Entered arena 13.
   996 | D        | Noticed a green death
   996 | D        | Noticed a demonspawn black sun
   996 | D        | Noticed a demonspawn blood saint
   996 | D        | Noticed Vufiaz the pandemonium lord
   997 | D        | Noticed Befe the pandemonium lord
   998 | D        | Noticed a sixfirhy
  1011 | D        | Noticed a quicksilver dragon
  1014 | D        | Killed a demonspawn blood saint
  1021 | D        | Killed a sixfirhy
  1044 | D        | Killed a demonspawn black sun
  1047 | D        | Found the +10 zealot's sword {holy, Zealotry, *Rage rN+
                  | EV+3}
  1057 | D        | Noticed an ice dragon
  1060 | D        | Noticed a fire dragon
  1060 | D        | Noticed a fire dragon
  1060 | D        | Killed a green death
  1061 | D        | Found a transporter.
  1061 | D        | Noticed an ice dragon
  1078 | D        | Noticed a fire dragon
  1078 | D        | Noticed a fire dragon
  1101 | D        | Noticed a golden dragon
  1102 | D        | Killed Befe the pandemonium lord
  1103 | D        | Reached XP level 12. HP: 55/129 MP: 11/11
  1120 | D        | Killed Vufiaz the pandemonium lord
  1428 | D        | Entered arena 14.
  1433 | D        | Noticed an anaconda
  1433 | D        | Noticed a naga warrior
  1433 | D        | Noticed a naga warrior
  1446 | D        | Killed a naga warrior
  1452 | D        | Killed an anaconda
  1471 | D        | Killed a naga warrior
  1490 | D        | Found a transporter.
  1497 | D        | Got the Papyrus of Destruction
  1503 | D        | Got the amulet of Ropnuaga {rF+ Regen+ Stlth+}
  1619 | D        | Entered arena 15.
  1624 | D        | Noticed an anaconda
  1624 | D        | Noticed a nagaraja
  1624 | D        | Noticed a nagaraja
  1636 | D        | Killed an anaconda
  1652 | D        | Killed a nagaraja
  1660 | D        | Killed a nagaraja
  1675 | D        | Found a transporter.
  1686 | D        | Got the Anthology of the Productive Wayfarer
  1700 | D        | Entered arena 16.
  1705 | D        | Noticed an acid blob
  1705 | D        | Noticed a rockslime
  1705 | D        | Noticed a rockslime
  1705 | D        | Noticed a rockslime
  1712 | D        | Killed a rockslime
  1719 | D        | Killed a rockslime
  1720 | D        | Reached XP level 13. HP: 111/141 MP: 12/12
  1730 | D        | Killed a rockslime
  1738 | D        | Noticed an acid blob
  1743 | D        | Killed an acid blob
  1753 | D        | Killed an acid blob
  1765 | D        | Found a transporter.
  1784 | D        | Got the Quarto of the Translocational Gift
  1865 | D        | Entered arena 17.
  1871 | D        | Noticed a deep elf blademaster
  1871 | D        | Noticed a deep elf blademaster
  1871 | D        | Noticed a deep elf annihilator
  1872 | D        | Noticed a deep elf blademaster
  1876 | D        | Noticed a deep elf master archer
  1876 | D        | Noticed a deep elf blademaster
  1876 | D        | Noticed a deep elf master archer
  1897 | D        | Noticed a deep elf blademaster
  1899 | D        | Killed a deep elf blademaster
  1910 | D        | Killed a deep elf blademaster
  1924 | D        | Killed a deep elf master archer
  1931 | D        | Killed a deep elf blademaster
  1940 | D        | Killed a deep elf blademaster
  1946 | D        | Killed a deep elf annihilator
  1949 | D        | Killed a deep elf master archer
  1958 | D        | Killed a deep elf blademaster
  1966 | D        | Found a transporter.
  1999 | D        | Got the amulet of Oenomania {Rampage Regen+}
  2003 | D        | Got the ring "Nuogipigu" {rN+ rCorr}
  2006 | D        | Got Zeinaxku's Octavo of Unstable Enchantment
  2035 | D        | Got Sif Muna's Reference Book on Pyromania
  2213 | D        | Entered arena 18.
  2219 | D        | Noticed a war gargoyle
  2219 | D        | Noticed an iron dragon
  2219 | D        | Noticed an ancient champion
  2219 | D        | Noticed an ancient champion
  2219 | D        | Noticed a war gargoyle
  2219 | D        | Noticed a quicksilver elemental
  2219 | D        | Found the +2 hood of the Assassin {Detect Stab+ Stlth++}
  2219 | D        | Noticed a war gargoyle
  2219 | D        | Noticed an ancient champion
  2219 | D        | Noticed an ancient champion
  2221 | D        | Noticed an ancient champion
  2224 | D        | Noticed a Hell Sentinel
  2224 | D        | Noticed an ancient champion
  2225 | D        | Noticed a war gargoyle
  2228 | D        | Killed a war gargoyle
  2228 | D        | Noticed an ancient champion
  2229 | D        | Reached XP level 14. HP: 154/157 MP: 13/13
  2230 | D        | Noticed an iron dragon
  2232 | D        | Noticed a war gargoyle
  2236 | D        | Killed a war gargoyle
  2241 | D        | Killed a quicksilver elemental
  2242 | D        | Noticed an iron dragon
  2250 | D        | Killed an ancient champion
  2256 | D        | Killed a war gargoyle
  2266 | D        | Killed an ancient champion
  2275 | D        | Killed an ancient champion
  2287 | D        | Killed an ancient champion
  2294 | D        | Killed a war gargoyle
  2302 | D        | The Shining One protects you from harm!
  2305 | D        | Killed an iron dragon
  2306 | D        | The Shining One protects you from harm!
  2327 | D        | Killed from afar by a Hell Sentinel

Illustrated notes

Levels and vault maps discovered:
D:        sprint_v [room_start, room_1, room_2, room_3, room_4, room_5, room_6,
          room_7, room_8, room_9, room_10, room_11, room_12, room_13, room_14,
          room_15, room_16, room_17, room_18, room_19, room_20, room_21,
          room_22, room_23, room_24, room_25, room_26, room_27]

Skill      XL: |  1  2  3  4  5  6  7  8  9 10 11 12 13 14 |
---------------+-------------------------------------------+-----
Fighting       | 5 6 7 8 9 10 11 12 14 16 18 20 23 24 | 24.0
Polearms       | 5 6 7 9 11 12 14 16 18 20 23 | 23.9
Armour         | 5 6 7 8 9 10 11 12 14 16 18 20 23 24 | 24.0
Shields        | 5 6 7 8 9 10 11 12 14 16 18 20 23 24 | 24.0

Action                     |  1- 3 |  4- 6 |  7- 9 | 10-12 | 13-15 || total
---------------------------+-------+-------+-------+-------+-------++-------
  Melee: Lance             |     6 |     9 |    48 |   311 |   222 ||   596
         Headbutt          |       |       |    12 |    96 |    74 ||   182
 Invoke: Brand Weapon With |       |       |       |     1 |       ||     1
    Use: Potion            |     5 |       |     1 |    16 |     9 ||    31
         Scroll            |       |       |       |     1 |       ||     1
 Armour: Plate armour      |       |     1 |     6 |       |       ||     7
         Gold dragon scale |       |       |     7 |   137 |    87 ||   231
  Dodge: Dodged            |       |       |     4 |    22 |    11 ||    37
  Block: Kite shield       |    13 |     6 |    47 |   349 |   268 ||   683
